 Dungeon Crawl Stone Soup version 0.25-a0-940-gc6eaff51cc (webtiles) character file.

Game seed: 13418782237746502186, levelgen mode: deterministic

444725 MisterFreud the Slayer (level 23, -1/334 HPs)
             Began as a Yellow Draconian Transmuter on May 4, 2020.
             Was the Champion of Ru.
             Killed by the air
             ... invoked by a spriggan air mage
              (36 damage)
             ... on level 5 of the Depths on May 5, 2020.
             The game lasted 03:37:50 (76190 turns).

MisterFreud the Slayer (DrTm)                      Turns: 76190, Time: 03:37:51

Health: -1/334     AC: 21    Str: 26      XL:     23   Next: 8%
Magic:  0/39       EV: 12    Int: 17 (18) God:    Ru [******]
Gold:   2715       SH:  0    Dex: 14      Spells: 24/46 levels left

rFire    x . .     SeeInvis +     - Unarmed
rCold    x . .     Gourm    .   (shield currently unavailable)
rNeg     . . .     Faith    .   (armour unavailable)
rPois    +         Spirit   +   (helmet currently unavailable)
rElec    .         Reflect  .   (cloak currently unavailable)
rCorr    +         Harm     .   (gloves currently unavailable)
MR       ++...                  (boots currently unavailable)
Stlth    ..........             I - amulet "Tyuhuips" {Spirit +Fly}
HPRegen  0.65/turn              B - ring of protection from magic
MPRegen  0.26/turn              R - ring "Buedoli" {EV+1 SInv}

@: exhausted, about to teleport, dragon-form, flying, drained
A: giant, spit acid, unfitting armour, acidic bite, no stealth, no hexes magic,
no ice magic, no summoning magic, inexperienced 1, temperature sensitive, acid
resistance, AC +11
}: 2/15 runes: barnacled, gossamer
a: Breathe Acid, End Transformation, Draw Out Power, Power Leap, Apocalypse,
Renounce Religion, Stop Flying


You were on level 5 of the Depths.
You worshipped Ru.
Ru was exalted by your worship.
You were not hungry.
You were a fearsome dragon!
You visited 9 branches of the dungeon, and saw 43 of its levels.
You visited the Abyss 1 time.
You also visited: Ice Cave.

You collected 5054 gold pieces.
You spent 2339 gold pieces at shops.

Inventory:

Missiles
 c - 9 throwing nets
 g - 10 boomerangs of dispersal
 h - 28 silver javelins
 D - 96 boomerangs (quivered)
 V - 55 javelins
Armour
 k - the +2 hat of Subjectivity (melded) {MR+}
   (You found it on level 4 of the Vaults)

   It affects your resistance to hostile enchantments.
 l - the +1 pair of gloves of Experimentation (melded) {MR- Int+8 Stlth+}
   (You found it on level 2 of the Vaults)

   It affects your intelligence (+8).
   It affects your resistance to hostile enchantments.
   It makes you more stealthy.
 v - a +2 pair of boots (melded)
 Y - a scarf of repulsion (melded)
Jewellery
 d - an uncursed ring of protection from cold
 i - a +5 ring of evasion
 j - the amulet "Woleman" {Gourm rF+++ MP-9 Int-3 Slay+3}
   (You took it off a merfolk on level 4 of the Shoals)

   [amulet of the gourmand]

   It allows you to eat raw meat even when not hungry.
   It affects your intelligence (-3).
   It affects your accuracy and damage with ranged weapons and melee attacks
   (+3).
   It renders you almost immune to fire.
   It affects your magic capacity (-9).
 B - a ring of protection from magic (left foreclaw)
 F - an uncursed ring of protection from fire
 I - the amulet "Tyuhuips" (around neck) {Spirit +Fly}
   (You found it on level 1 of the Vaults)

   [amulet of guardian spirit]

   It causes incoming damage to be split between your health and magic.
   It lets you fly.
 R - the ring "Buedoli" (right foreclaw) {EV+1 SInv}
   (You bought it in a shop on level 2 of the Orcish Mines)

   [ring of evasion]

   It affects your evasion (+1).
   It lets you see invisible.
 Z - the ring of Xoufu {+Fly rPois Str+7 Int+3}
   (You found it on level 2 of the Elven Halls)

   [ring of poison resistance]

   It affects your strength (+7).
   It affects your intelligence (+3).
   It protects you from poison.
   It lets you fly.
Wands
 n - a wand of paralysis (26)
 A - a wand of digging (6)
 H - a wand of clouds (1)
 P - a wand of enslavement (9)
 S - a wand of scattershot (4)
 X - a wand of disintegration (11)
Scrolls
 o - 13 scrolls of magic mapping
 p - a scroll of holy word
 q - a scroll of silence
 s - 11 scrolls of teleportation
 z - a scroll of enchant armour
 E - 8 scrolls of fog
 Q - 8 scrolls of identify
 T - 6 scrolls of fear
Potions
 a - 7 potions of ambrosia
 b - 8 potions of brilliance
 e - 5 potions of berserk rage
 f - 2 potions of heal wounds
 m - 3 potions of resistance
 r - 8 potions of invisibility
 t - 7 potions of stabbing
 u - 5 potions of haste
 x - 4 potions of cancellation
 y - a potion of might
 C - 12 potions of curing
 M - 3 potions of mutation
Miscellaneous
 G - a phial of floods
 K - 4 tins of tremorstones
 N - 3 boxes of beasts
 U - a lightning rod (4/4)
Comestibles
 w - 34 rations


   Skills:
 + Level 22.3(20.7) Fighting
 - Level 8.0(6.9) Throwing
 - Level 12.0(10.7) Dodging
 + Level 21.9(20.4) Unarmed Combat
 - Level 12.0(10.7) Spellcasting
 - Level 18.0(16.5) Transmutations
 - Level 10.0(8.8) Evocations


You had 24 spell levels left.
You knew the following spells:

 Your Spells              Type           Power        Failure   Level  Hunger
a - Hydra Form            Tmut           ######....   1%          6    ######.
b - Sticks to Snakes      Tmut           ######..     0%          2    None
c - Dragon Form           Tmut           ######....   8%          7    #######
d - Blade Hands           Tmut           ######....   1%          5    #####..
e - Passwall              Tmut/Erth      #####...     1%          2    None

Your spell library contained the following spells:

 Spells                   Type           Power        Failure   Level  Hunger
 Beastly Appendage        Tmut           ######       0%          1    None
 Spider Form              Tmut/Pois      #####.....   1%          3    None
 Petrify                  Tmut/Erth      #####...     2%          4    ###....
 Animate Skeleton         Necr           N/A          8%          1    None
 Apportation              Tloc           #.....       8%          1    None
 Foxfire                  Conj/Fire      #...         8%          1    None
 Magic Dart               Conj           #...         8%          1    None
 Sandblast                Erth           #.....       8%          1    None
 Shock                    Conj/Air       #...         8%          1    None
 Irradiate                Conj/Tmut      #####.....   8%          5    #####..
 Blink                    Tloc           N/A          12%         2    None
 Corpse Rot               Necr/Air       N/A          12%         2    None
 Searing Ray              Conj           #.....       12%         2    None
 Shroud of Golubria       Chrm/Tloc      #.....       12%         2    None
 Swiftness                Chrm/Air       #.......     12%         2    None
 Conjure Flame            Conj/Fire      #.......     24%         3    None
 Gell's Gravitas          Tloc           #.........   24%         3    None
 Lesser Beckoning         Tloc           #.........   24%         3    None
 Mephitic Cloud           Conj/Pois/Air  #.......     24%         3    None
 Static Discharge         Conj/Air       #.......     24%         3    None
 Stone Arrow              Conj/Erth      #.....       24%         3    None
 Teleport Other           Tloc           #.......     24%         3    None
 Eringya's Noxious Bog    Tmut/Pois      #####.....   38%         6    ######.
 Statue Form              Tmut/Erth      #####....    38%         6    ######.
 Airstrike                Air            #.........   61%         4    ###....
 Iskenderun's Mystic Bla  Conj/Tloc      #.......     61%         4    ###....
 Passage of Golubria      Tloc           N/A          61%         4    ###....
 Sticky Flame             Conj/Fire      #.......     61%         4    ###....
 Bolt of Magma            Conj/Fire/Erth #.........   91%         5    #####..
 Fireball                 Conj/Fire      #.........   91%         5    #####..
 Iskenderun's Battlesphe  Conj/Chrm      #.......     91%         5    #####..
 Lee's Rapid Deconstruct  Erth           #.........   91%         5    #####..
 Lightning Bolt           Conj/Air       #.........   91%         5    #####..
 Dispersal                Tloc           #.........   100%        6    ######.
 Iron Shot                Conj/Erth      #.........   100%        6    ######.
 Orb of Destruction       Conj           #.........   100%        7    #######
 Chain Lightning          Conj/Air       #.........   100%        8    #######
 Controlled Blink         Tloc           N/A          100%        8    #######
 Disjunction              Tloc           #.........   100%        8    #######
 Lehudib's Crystal Spear  Conj/Erth      #.........   100%        8    #######
 Fire Storm               Conj/Fire      #.........   100%        9    #######
 Shatter                  Erth           #.........   100%        9    #######
 Ice Form                 Ice/Tmut       Unusable     N/A         4    N/A
 Corona                   Hex            Unusable     N/A         1    N/A
 Freeze                   Ice            Unusable     N/A         1    N/A
 Summon Small Mammal      Summ           Unusable     N/A         1    N/A
 Yara's Violent Unravell  Hex/Tmut       Unusable     N/A         5    N/A
 Call Imp                 Summ           Unusable     N/A         2    N/A
 Ensorcelled Hibernation  Hex/Ice        Unusable     N/A         2    N/A
 Slow                     Hex            Unusable     N/A         2    N/A
 Confusing Touch          Hex            Unusable     N/A         3    N/A
 Dazzling Flash           Conj/Hex       Unusable     N/A         3    N/A
 Frozen Ramparts          Ice            Unusable     N/A         3    N/A
 Inner Flame              Hex/Fire       Unusable     N/A         3    N/A
 Ozocubu's Armour         Chrm/Ice       Unusable     N/A         3    N/A
 Portal Projectile        Hex/Tloc       Unusable     N/A         3    N/A
 Tukima's Dance           Hex            Unusable     N/A         3    N/A
 Cause Fear               Hex            Unusable     N/A         4    N/A
 Fulminant Prism          Conj/Hex       Unusable     N/A         4    N/A
 Hailstorm                Conj/Ice       Unusable     N/A         4    N/A
 Leda's Liquefaction      Hex/Erth       Unusable     N/A         4    N/A
 Summon Ice Beast         Ice/Summ       Unusable     N/A         4    N/A
 Metabolic Englaciation   Hex/Ice        Unusable     N/A         5    N/A
 Silence                  Hex/Air        Unusable     N/A         5    N/A
 Summon Forest            Summ/Tloc      Unusable     N/A         5    N/A
 Freezing Cloud           Conj/Ice/Air   Unusable     N/A         6    N/A
 Ozocubu's Refrigeration  Ice            Unusable     N/A         6    N/A
 Simulacrum               Ice/Necr       Unusable     N/A         6    N/A
 Spellforged Servitor     Conj/Summ      Unusable     N/A         7    N/A
 Summon Hydra             Summ           Unusable     N/A         7    N/A
 Discord                  Hex            Unusable     N/A         8    N/A
 Absolute Zero            Ice            Unusable     N/A         9    N/A

Dungeon Overview and Level Annotations

Branches:
Dungeon (15/15)            Temple (1/1) D:4            Lair (6/6) D:9
 Shoals (4/4) Lair:4       Spider (4/4) Lair:3        Slime (0/5) Lair:5
    Orc (2/2) D:10            Elf (3/3) Orc:2        Vaults (4/5) D:13
  Crypt (0/3) Vaults:2     Depths (3/5) D:15          IceCv (visited)

Altars:
Ashenzari
Cheibriados
Dithmenos
Elyvilon
Fedhas
Gozag
Hepliaklqana
Kikubaaqudgha
Makhleb
Nemelex Xobeh
Okawaru
Qazlal
Ru
Sif Muna
Trog
Uskayaw
Vehumet
Wu Jian
Xom
Yredelemnul
Zin
The Shining One
Beogh

Shops:
D:8 [   D:13 (?*[   Orc:2 [=*(   Elf:1 **=   Elf:2 (   Shoals:3 *   Shoals:4 *
Vaults:1 =   Vaults:2 (%   Vaults:4 [   Depths:2 [

Portals:
Hell: Lair:6 Depths:1 Depths:2
Abyss: Depths:1 Depths:2

Annotations:
D:15 4 runed translucent doors
Lair:3 1 runed translucent door, exclusion: oklob plant, Osyocro's ghost, journeyman MiBe
Shoals:1 1 runed translucent door, Ikyup's ghost, adept DDFi
Shoals:3 3 runed translucent doors, exclusion: obsidian statue, Zorot's ghost, journeyman DEVM
Shoals:4 3 runed translucent doors, Mulqof's ghost, adept OgNe
Vaults:3 3 runed translucent doors, Tazamm's ghost, adept MiBe


Innate Abilities, Weirdness & Mutations

You can spit globs of acid.
Your golden yellow scales are hard. (AC +11)
You cannot fit into any form of body armour.
You have acidic saliva.
((You are cold-blooded and may be slowed by cold attacks.))
You cannot be stealthy.
You cannot study or cast Hexes magic.
You cannot study or cast Ice magic.
You cannot study or cast Summoning magic.
You are somewhat inexperienced. (-2 XL)
You are sensitive to extremes of temperature. (rF-, rC-)
You are resistant to acid. (rCorr)


Message History

You destroy the vampire knight!
The spriggan air mage waves its arms in wide circles.
The air twists around and violently strikes you in flight!!
* * * LOW HITPOINT WARNING * * *
Unknown command.
You feel much better.
The frost giant falters for a moment.
As you read the scroll of fear, it crumbles to dust.
You assume a fearsome visage.
The frost giant looks frightened!
The ice dragon looks frightened!
The fire giant looks frightened!
The ice dragon looks frightened!
As you read the scroll of teleportation, it crumbles to dust.
You feel strangely unstable.
The spriggan air mage waves its arms in wide circles.
The air twists around and violently strikes you in flight!!
* * * LOW HITPOINT WARNING * * *
You feel much better.
The frost giant starts to cry.
The spriggan air mage waves its arms in wide circles.
The air twists around and violently strikes you in flight!!!
You die...

,.iu.........# *,,,****,,,****,,,
*..u.........# *,,*,,,*****,,,*,,
,C...........# *,*,,,,,,,,,,,,,*,
,,...........# **,,,,,,***,,,,,,*
,,,,,,,,,....* ******,,,,,******
,,,,,,,,,....##########+++*******
,,,,,,,,,....i..#.........,,,,,,,
,,,,***,,#................,,,,,,,
*+***,*,,....#..D..D.D....,,,,,,,
,,,,+**,,..#....)......$..,,,,,,,
*++*,*,,,.............#...,,,,,,,
+,,+,+,,,..)..............,,,,,,*
+∩,+,*,,,...........[.#...,,,,,,*
*++*,*,,,.................,,,,,,*
,,,,+**,,.........C.......,,,,,,*
**+**,*,,.......C.........,,,,,,*
,,,,***,,.........?.......,,,,,,*


You could see a frost giant (fleeing), a fire giant (paralysed), 2 ice dragons
and a spriggan air mage.

Vanquished Creatures
  Mara (Shoals:3)
  3 juggernauts
  Boris (twice) (Vaults:4 Depths:2)
  Frederick (Vaults:3)
  Bai Suzhen (Vaults:2)
  Saint Roka (Vaults:2)
  Nikola (Spider:2)
  Arachne (Spider:3)
  A lich (Vaults:4)
  A tentacled monstrosity (Depths:2)
  A quicksilver dragon (Depths:5)
  Asterion (Elf:3)
  A deep elf blademaster (Elf:3)
  A deep elf master archer (Elf:3)
  A tengu reaver (Vaults:4)
  Kirke (D:13)
  Agnes (D:15)
  4 fire giants
  8 deep elf sorcerers
  10 vault wardens
  4 frost giants
  2 ghost moths
  A caustic shrike zombie (Depths:2)
  15 ironheart preservers
  5 emperor scorpions
  4 deep elf elementalists (Elf:3)
  13 very ugly things
  7 stone giants
  Nessos (D:15)
  3 vampire knights
  5 entropy weavers
  5 deep elf demonologists
  10 deep elf annihilators
  Azrael (D:13)
  7 spark wasps
  A dire elephant (Lair:6)
  Snorg (D:13)
  5 merfolk javelineers
  9 ettins
  8 deep elf death magi
  8 fire dragons
  6 merfolk impalers
  15 yaktaur captains
  A quicksilver dragon zombie (Depths:2)
  4 great orbs of eyes
  6 deep elf high priests
  6 ice dragons
  11 ogre magi
  11 hydras
  Fannar (D:10)
  2 peacekeepers (Elf:1)
  13 vault guards
  8 rakshasas
  2 merfolk avatars
  A hell beast (Depths:2)
  2 catoblepae
  11 centaur warriors
  2 alligator snapping turtles
  33 two-headed ogres
  A satyr (shapeshifter) (D:13)
  8 death scarabs (Spider:4)
  6 deep troll shamans
  8 death yaks
  4 satyrs
  30 dancing weapons
  3 merfolk aquamancers
  10 tengu warriors
  7 deep troll earth magi
  5 vampire magi
  An orc high priest (Orc:1)
  23 deep elf knights
  3 hell knights (Depths:5)
  A small abomination (Elf:1)
  A fire crab (Spider:4)
  A soul eater (Depths:2)
  4 skeletal warriors (Vaults:2)
  A sixfirhy (Lair:6)
  A spectral emperor scorpion (Spider:4)
  2 iron trolls (Depths:2)
  2 shadow wraiths (Vaults:3)
  2 unseen horrors (D:13)
  5 sea snakes
  20 deep trolls
  3 flayed ghosts
  2 glowing orange brains (Depths:2)
  A swamp dragon (shapeshifter) (D:15)
  15 deep elf archers
  2 large abominations
  11 ironbrand convokers
  4 wizards
  3 wolf spider zombies
  11 orc knights
  2 necromancers
  6 orc sorcerers
  11 orb spiders
  A fire giant zombie (Depths:2)
  25 wolf spiders
  19 harpies
  62 deep elf magi
  13 fauns
  A faun (shapeshifter) (Elf:1)
  A moth of wrath (Spider:4)
  10 merfolk sirens
  A salamander (Depths:1)
  41 ugly things
  A rust devil (Depths:2)
  7 manticores
  5 black mambas
  12 cyclopes
  A guardian serpent (Spider:4)
  A black mamba (shapeshifter) (Vaults:3)
  3 centaur zombies
  3 water nymphs (Shoals:4)
  2 naga magi (Vaults:4)
  15 vault sentinels
  A smoke demon (Lair:6)
  3 gargoyles
  10 elephants
  An ice statue (IceCv)
  2 spiny frogs (shapeshifter)
  7 rime drakes
  Maggie (D:8)
  11 spiny frogs
  2 redback zombies (Spider:4)
  An orange demon (Lair:6)
  An efreet (D:14)
  6 ice devils
  4 spectral redbacks (Spider:4)
  8 komodo dragons
  27 yaktaurs
  A rime drake (shapeshifter) (Vaults:2)
  16 demonic crawlers
  3 freezing wraiths
  4 tengu conjurers
  25 jumping spiders
  A jumping spider (shapeshifter) (Elf:3)
  5 spectral jumping spiders (Spider:4)
  A meliai (Spider:4)
  12 trolls
  28 merfolk
  A meliai (shapeshifter) (Depths:2)
  A wind drake (shapeshifter) (D:15)
  12 hornets
  4 spectral tarantellas (Spider:4)
  14 polar bears (IceCv)
  20 blink frogs
  4 dream sheep
  2 wind drakes (Shoals:4)
  A jumping spider zombie (Spider:4)
  2 snapping turtles
  22 slime creatures
  13 hippogriffs
  2 tarantella zombies (Spider:4)
  A centaur simulacrum (D:15)
  51 redbacks
  A flying skull (Vaults:2)
  3 air elementals
  Sigmund (D:3)
  A redback (shapeshifter) (Elf:2)
  14 water elementals
  A shadow (Vaults:2)
  31 tarantellas
  5 wyverns
  7 hogs
  10 basilisks
  4 hungry ghosts
  2 yaks (shapeshifter)
  10 fire elementals
  4 vampire mosquitoes (D:14)
  60 yaks
  4 wargs
  A warg (shapeshifter) (Vaults:1)
  3 acid dragons
  A human zombie (Depths:2)
  8 hell hounds
  7 porcupines
  13 water moccasins
  A black bear (shapeshifter) (Vaults:2)
  2 floating eyes (Depths:2)
  4 phantoms
  An eye of draining (D:12)
  An ice beast (D:12)
  5 sky beasts
  A necrophage (D:8)
  3 black bears
  3 boggarts (Depths:3)
  33 orc warriors
  55 ogres
  26 wolves
  22 centaurs
  9 crocodiles
  5 big kobolds
  A big kobold (shapeshifter) (Vaults:3)
  27 bullfrogs
  4 earth elementals
  A glowing shapeshifter simulacrum (Depths:2)
  2 wyvern skeletons
  4 scorpions
  A scorpion (shapeshifter) (Vaults:2)
  7 wights
  3 howler monkeys
  10 crimson imps
  A quasit (D:7)
  17 orc priests
  8 hounds
  18 jellies
  16 orc wizards
  4 iguanas
  Ijyb (D:4)
  5 bullfrog skeletons
  3 centaur skeletons
  Terence (D:3)
  13 worker ants
  2 hound skeletons (D:4)
  11 adders
  3 gnolls (D:2)
  An adder (shapeshifter) (Depths:2)
  4 shadow imps
  An ooze (D:2)
  11 leopard geckos
  100 orcs
  3 giant cockroaches
  8 goblins
  7 hobgoblins
  3 jackals (D:8)
  16 kobolds
  5 quokkas
  A ball python (D:3)
  7 bats
  2 frilled lizards
  2 jackal skeletons
  A leopard gecko skeleton (D:4)
  A quokka zombie (D:8)
  5 rats
  A crawling corpse (Elf:1)
  A fire vortex (Depths:1)
  20 plants
1792 creatures vanquished.

Vanquished Creatures (collateral kills)
  Donald (Spider:3)
  A centaur skeleton (D:3)
2 creatures vanquished.

Vanquished Creatures (others)
  A deep elf master archer (Elf:3)
  Ilsuiw (Shoals:2)
  2 emperor scorpions (Spider:4)
  2 ironheart preservers
  A stone giant (Vaults:4)
  A spriggan air mage (Depths:5)
  3 hydras
  A two-headed ogre (Depths:2)
  A centaur warrior (D:13)
  A satyr (Shoals:4)
  A dancing weapon (Elf:2)
  A deep elf knight (Elf:3)
  An unseen horror (Vaults:1)
  A spatial maelstrom (Elf:2)
  An ironbrand convoker (Vaults:1)
  A wolf spider (Spider:1)
  2 deep elf magi (Elf:3)
  A cyclops (Vaults:2)
  A manticore (Shoals:3)
  2 yaktaurs (Vaults:1)
  3 polar bears (IceCv)
  A tarantella (Spider:4)
  A redback (Spider:3)
  A sky beast (D:13)
  An ogre (Vaults:1)
  A boggart (Depths:3)
  2 wolves (IceCv)
  A wight (D:13)
  An orc wizard (Vaults:2)
  2 orcs
  17 fungi
  67 plants
124 creatures vanquished.

Grand Total: 1918 creatures vanquished

Notes
Turn   | Place    | Note
-------+----------+-------------------------------------------
     0 | D:1      | MisterFreud the Draconian Transmuter began the quest for
                  | the Orb.
     0 | D:1      | Reached XP level 1. HP: 16/16 MP: 3/3
   702 | D:1      | Reached XP level 2. HP: 23/23 MP: 3/5
   706 | D:1      | Learned a level 2 spell: Sticks to Snakes
  1577 | D:2      | Found a white marble altar of Elyvilon.
  1832 | D:2      | Reached XP level 3. HP: 24/28 MP: 3/6
  1837 | D:2      | Learned a level 3 spell: Spider Form
  2006 | D:2      | Found a glowing silver altar of Zin.
  2556 | D:2      | Found a burning altar of Makhleb.
  2557 | D:2      | Noticed an Executioner
  2558 | D:2      | Noticed an angel
  2604 | D:2      | Reached XP level 4. HP: 35/35 MP: 4/8
  3311 | D:3      | Noticed Terence
  3331 | D:3      | Killed Terence
  3585 | D:3      | Reached XP level 5. HP: 40/40 MP: 6/9
  3736 | D:3      | Noticed a centaur
  3745 | D:3      | Killed a centaur
  3745 | D:3      | Reached skill level 5 in Transmutations
  3745 | D:3      | Reached skill level 2 in Fighting
  3986 | D:3      | Noticed Sigmund
  3998 | D:3      | Killed Sigmund
  3998 | D:3      | Reached skill level 3 in Fighting
  3998 | D:3      | Reached XP level 6. HP: 48/52 MP: 7/10
  4474 | D:4      | Reached skill level 4 in Fighting
  4512 | D:4      | Your scales start taking on a golden yellow colour.
  4512 | D:4      | Reached XP level 7. HP: 52/60 MP: 7/11
  4512 | D:4      | Gained mutation: You are resistant to acid. (rCorr) [Yellow
                  | Draconian growth]
  4606 | D:4      | Noticed Ijyb
  4612 | D:4      | Killed Ijyb
  4668 | D:4      | Reached skill level 5 in Fighting
  4735 | D:4      | Reached skill level 5 in Unarmed Combat
  4937 | D:4      | Found a staircase to the Ecumenical Temple.
  5133 | Temple   | Entered the Ecumenical Temple
  5162 | Temple   | Became a worshipper of Ru the Awakened
  5469 | D:5      | Entered Level 5 of the Dungeon
  5478 | D:5      | Found a shattered altar of Ashenzari.
  5546 | D:5      | Reached skill level 6 in Fighting
  5803 | D:5      | Found an iron altar of Okawaru.
  5915 | D:5      | Reached skill level 1 in Evocations
  5915 | D:5      | Reached XP level 8. HP: 70/70 MP: 12/12
  6400 | D:5      | Learned a level 5 spell: Blade Hands
  6845 | D:6      | Reached skill level 5 in Evocations
  6946 | D:6      | Found a shimmering altar of Xom.
  6953 | D:6      | Gained mutation: You are sensitive to extremes of
                  | temperature. (rF-, rC-) [Ru sacrifice]
  6953 | D:6      | Reached * piety under Ru
  6953 | D:6      | Reached ** piety under Ru
  6989 | D:6      | Found a sparkling altar of Nemelex Xobeh.
  6989 | D:6      | You fall into a shaft and drop 2 floors!
  6999 | D:8      | Noticed Maggie
  7014 | D:8      | Killed Maggie
  7087 | D:8      | Found a glowing golden altar of the Shining One.
  7397 | D:6      | Found a sparkling altar of Nemelex Xobeh.
  7608 | D:7      | Reached XP level 9. HP: 61/75 MP: 11/15
  7972 | D:7      | Reached skill level 5 in Spellcasting
  8393 | D:7      | Found a stormy altar of Qazlal.
  8642 | D:8      | Found an opulent altar of Gozag.
  8703 | D:8      | Found a blossoming altar of Fedhas.
  8734 | D:8      | You fall into a shaft and drop 2 floors!
  8734 | D:10     | Entered Level 10 of the Dungeon
  8799 | D:10     | Noticed a two-headed ogre
  8809 | D:10     | Killed a two-headed ogre
  9055 | D:9      | Noticed an elephant
  9056 | D:9      | Found a staircase to the Lair.
  9072 | D:9      | Reached XP level 10. HP: 71/83 MP: 13/19
  9091 | D:9      | Killed an elephant
  9091 | D:9      | Reached skill level 10 in Transmutations
  9502 | D:9      | Gained mutation: You are somewhat inexperienced. (-2 XL)
                  | [Ru sacrifice]
  9502 | D:9      | Reached XP level 9. HP: 75/75 MP: 18/18
  9502 | D:9      | Reached XP level 8. HP: 70/70 MP: 17/17
  9502 | D:9      | Reached *** piety under Ru
  9502 | D:9      | Reached **** piety under Ru
  9502 | D:9      | Reached ***** piety under Ru
  9752 | D:8      | Noticed a dream sheep
  9753 | D:8      | Noticed a dream sheep
  9780 | D:8      | Killed a dream sheep
  9795 | D:8      | Killed a dream sheep
  9795 | D:8      | Reached XP level 9. HP: 62/75 MP: 12/18
  9881 | D:8      | Reached skill level 5 in Dodging
  9940 | D:8      | Noticed a two-headed hydra
  9962 | D:8      | Killed a two-headed hydra
 10252 | D:8      | Found a glowing silver altar of Zin.
 10386 | D:8      | Found Vahe's Armour Boutique.
 11229 | D:9      | Reached XP level 10. HP: 82/83 MP: 13/19
 11351 | D:9      | Found a basalt altar of Yredelemnul.
 11897 | D:10     | Noticed a two-headed ogre
 11910 | D:10     | Killed a two-headed ogre
 11951 | D:10     | Found a roughly hewn altar of Beogh.
 12180 | D:10     | Noticed an orc knight
 12216 | D:9      | Killed an orc knight
 12497 | D:10     | Reached skill level 7 in Fighting
 12746 | D:10     | Gained mutation: You cannot study or cast Ice magic. [Ru
                  | sacrifice]
 12746 | D:10     | Gained mutation: You cannot study or cast Hexes magic. [Ru
                  | sacrifice]
 12746 | D:10     | Gained mutation: You cannot study or cast Summoning magic.
                  | [Ru sacrifice]
 13175 | D:10     | Found a staircase to the Orcish Mines.
 13621 | D:11     | You fall into a shaft and drop 1 floor!
 13622 | D:12     | Noticed a deep elf mage
 13636 | D:12     | Killed a deep elf mage
 13682 | D:12     | Noticed a cyclops
 13708 | D:12     | Killed a cyclops
 13708 | D:12     | Reached skill level 8 in Fighting
 13708 | D:12     | Reached XP level 11. HP: 50/94 MP: 7/20
 13905 | D:12     | Noticed a two-headed ogre
 13918 | D:12     | Killed a two-headed ogre
 14115 | D:11     | You fall into a shaft and drop 2 floors!
 14115 | D:13     | Found a gate to the Vaults.
 14115 | D:13     | Noticed a vault guard
 14115 | D:13     | Noticed a two-headed ogre
 14115 | D:13     | Noticed a centaur warrior
 14115 | D:13     | Noticed a vault guard
 14115 | D:13     | Noticed a centaur warrior
 14116 | D:13     | Noticed a vault guard
 14116 | D:13     | Noticed a centaur warrior
 14116 | D:13     | Noticed a vault guard
 14423 | D:13     | Killed a centaur warrior
 14451 | D:13     | Found Jukes's Assorted Antiques.
 14715 | D:10     | Reached skill level 9 in Fighting
 15100 | Lair:1   | Entered Level 1 of the Lair of Beasts
 15365 | Lair:1   | Gained mutation: You cannot be stealthy. [Ru sacrifice]
 15365 | Lair:1   | Reached ****** piety under Ru
 15473 | Lair:1   | Noticed a seven-headed hydra
 15479 | Lair:1   | Killed a seven-headed hydra
 15688 | Lair:1   | Reached skill level 10 in Fighting
 16079 | Lair:1   | Noticed an eight-headed hydra
 16088 | Lair:1   | Killed an eight-headed hydra
 16088 | Lair:1   | Reached skill level 10 in Unarmed Combat
 16931 | Lair:2   | Reached XP level 12. HP: 96/106 MP: 13/21
 17190 | Lair:2   | Reached skill level 10 in Dodging
 17734 | Lair:2   | Found a shadowy altar of Dithmenos.
 18233 | Lair:3   | Found a hole to the Spider Nest.
 18248 | Lair:3   | Noticed a four-headed hydra
 18789 | Lair:3   | Noticed a death yak
 18789 | Lair:3   | Noticed a death yak
 18789 | Lair:3   | Noticed a death yak
 18789 | Lair:3   | Noticed a death yak
 18820 | Lair:3   | Killed a death yak
 18820 | Lair:3   | Noticed a death yak
 18821 | Lair:3   | Noticed a death yak
 18829 | Lair:2   | Killed a death yak
 19048 | Lair:3   | Killed a death yak
 19055 | Lair:3   | Killed a death yak
 19061 | Lair:3   | Killed a death yak
 19068 | Lair:3   | Killed a death yak
 19507 | Lair:3   | Found a runed translucent door.
 19513 | Lair:3   | Noticed Osyocro's ghost (journeyman MiBe)
 19513 | Lair:3   | Noticed a death yak
 19603 | Lair:3   | Killed a four-headed hydra
 20065 | Lair:4   | Noticed a catoblepas
 20076 | Lair:4   | Killed a catoblepas
 20133 | Lair:4   | Noticed a six-headed hydra
 20141 | Lair:4   | Killed a six-headed hydra
 20195 | Lair:4   | Reached XP level 13. HP: 106/113 MP: 18/24
 20974 | Lair:4   | Found a staircase to the Shoals.
 21936 | Lair:5   | Found a frozen archway.
 21951 | IceCv    | Entered an ice cave
 22626 | IceCv    | Reached skill level 10 in Spellcasting
 23302 | IceCv    | Noticed a frost giant
 23324 | IceCv    | Killed a frost giant
 23469 | Lair:5   | Found a staircase to the Slime Pits.
 24420 | Lair:6   | Entered Level 6 of the Lair of Beasts
 25375 | Lair:6   | Gained mutation: You have acidic saliva. [Yellow Draconian
                  | growth]
 25375 | Lair:6   | Reached XP level 14. HP: 121/121 MP: 28/28
 25518 | Lair:6   | Reached skill level 10 in Evocations
 26003 | Lair:6   | Found a burning altar of Makhleb.
 26404 | Lair:6   | Found a gateway to Hell.
 26671 | Lair:6   | Reached skill level 11 in Fighting
 29433 | D:12     | Reached skill level 12 in Fighting
 30512 | D:13     | Found Vixunoid's Magic Scroll Emporium.
 30932 | D:13     | Bought a scroll of teleportation for 51 gold pieces
 30932 | D:13     | Bought a scroll of teleportation for 51 gold pieces
 31214 | D:13     | Noticed Azrael
 31575 | D:13     | Killed Azrael
 31772 | D:13     | Found Betibiud's Antique Weapon Shop.
 31807 | D:13     | Reached XP level 15. HP: 133/134 MP: 24/29
 31891 | D:13     | Noticed Snorg
 31896 | D:13     | Killed Snorg
 32150 | D:13     | Reached skill level 13 in Fighting
 32181 | D:13     | Found Xyfid's Antique Armour Shoppe.
 32187 | D:13     | Bought an embroidered hat for 217 gold pieces
 32547 | D:13     | Noticed Kirke
 32559 | D:13     | Killed Kirke
 32731 | D:14     | Found a shimmering altar of Xom.
 34282 | D:13     | Bought a pair of glowing boots for 217 gold pieces
 34282 | D:13     | Bought a scroll labeled MUYSKU BAI for 29 gold pieces
 34336 | D:15     | Entered Level 15 of the Dungeon
 34435 | D:15     | Noticed Agnes
 34448 | D:15     | Killed Agnes
 34892 | D:15     | Found a runed translucent door.
 34968 | D:15     | Reached skill level 14 in Fighting
 35109 | D:15     | Noticed Nessos
 35144 | D:15     | Killed Nessos
 35440 | D:15     | Found a runed translucent door.
 35456 | D:15     | Found a runed translucent door.
 35467 | D:15     | Found a runed translucent door.
 35735 | D:15     | Found a staircase to the Depths.
 36198 | Orc:1    | Entered Level 1 of the Orcish Mines
 36198 | Orc:1    | Noticed Fannar
 36209 | D:10     | Killed Fannar
 37130 | Orc:2    | Entered Level 2 of the Orcish Mines
 37209 | Orc:2    | Found Tosch's Antique Armour Shop.
 37250 | Orc:1    | Reached skill level 15 in Fighting
 37497 | Orc:2    | Reached XP level 16. HP: 143/149 MP: 25/30
 37789 | Orc:2    | Reached skill level 15 in Unarmed Combat
 37890 | Orc:2    | Found Reycick's Weapon Boutique.
 37895 | Orc:2    | Found Nedi's General Store.
 37901 | Orc:2    | Found Quiggil's Jewellery Shop.
 38063 | Orc:2    | Found a staircase to the Elven Halls.
 38088 | Orc:2    | Bought the ring "Buedoli" {EV+1 SInv} for 213 gold pieces
 38477 | Orc:2    | Bought a scroll of blinking for 127 gold pieces
 38477 | Orc:2    | Bought a potion of curing for 51 gold pieces
 38483 | Orc:2    | Bought a +5 ring of evasion for 825 gold pieces
 38646 | Spider:1 | Entered Level 1 of the Spider Nest
 38663 | Lair:3   | Reached skill level 1 in Throwing
 39708 | Spider:1 | Reached skill level 5 in Throwing
 41451 | Spider:3 | Noticed Donald
 41482 | Spider:2 | Upgraded the game from 0.25-a0-937-gcfae464cf3 to
                  | 0.25-a0-940-gc6eaff51cc
 41483 | Spider:3 | Noticed Nikola
 41494 | Spider:2 | Killed Nikola
 42062 | Spider:3 | Noticed Arachne
 42085 | Spider:3 | Killed Arachne
 42708 | Spider:3 | Killed Donald
 43476 | Spider:4 | Entered Level 4 of the Spider Nest
 43568 | Spider:4 | Reached XP level 17. HP: 93/157 MP: 16/31
 44632 | Spider:4 | Reached skill level 16 in Fighting
 45008 | Spider:4 | Paralysed by a hornet for 2 turns
 47358 | Spider:4 | Got a gossamer rune of Zot
 47573 | Shoals:1 | Entered Level 1 of the Shoals
 47580 | Shoals:1 | Reached skill level 17 in Fighting
 47898 | Shoals:1 | Found a runed translucent door.
 47898 | Shoals:1 | Noticed Ikyup's ghost (adept DDFi)
 49164 | Shoals:2 | Noticed Ilsuiw
 49193 | Shoals:2 | Killed Ilsuiw
 49905 | Shoals:3 | Found a runed translucent gate.
 49905 | Shoals:3 | Found a runed translucent gate.
 49905 | Shoals:3 | Found an opulent altar of Gozag.
 49905 | Shoals:3 | Found a runed translucent gate.
 49911 | Shoals:3 | Noticed Zorot's ghost (journeyman DEVM)
 50530 | Shoals:3 | Reached XP level 18. HP: 133/170 MP: 22/32
 51010 | Shoals:3 | Noticed Mara
 51031 | Shoals:3 | Noticed MisterFreud's illusion
 51041 | Shoals:3 | Killed Mara
 51047 | Shoals:3 | Reached skill level 18 in Fighting
 51518 | Shoals:3 | Found Tyowuwn's Assorted Antiques.
 51604 | Shoals:4 | Entered Level 4 of the Shoals
 51614 | Shoals:4 | Found a runed translucent gate.
 51673 | Shoals:4 | Found a runed translucent gate.
 51673 | Shoals:4 | Found a runed translucent gate.
 51808 | Shoals:4 | Noticed Mulqof's ghost (adept OgNe)
 53042 | Shoals:4 | Identified the amulet "Woleman" {Gourm rF+++ MP-9 Int-3
                  | Slay+3}
 53191 | Shoals:4 | Identified the ring "Juorr" {+Blink Str+3 Int+5 Stlth+}
 53430 | Shoals:4 | Got a barnacled rune of Zot
 54110 | Shoals:4 | Found Alog's Alliterative Accessories.
 54612 | Vaults:1 | Entered Level 1 of the Vaults
 55244 | Vaults:1 | Learned a level 6 spell: Hydra Form
 55720 | Vaults:1 | Got a flickering sapphire amulet
 55721 | Vaults:1 | Identified the amulet "Tyuhuips" {Spirit +Fly} (You found
                  | it on level 1 of the Vaults)
 56084 | Vaults:1 | Reached skill level 19 in Fighting
 57093 | Vaults:1 | Reached XP level 19. HP: 130/182 MP: 24/33
 57508 | Vaults:1 | Found Ekkilo's Jewellery Shoppe.
 57765 | Vaults:2 | Found Pacev's Weapon Shop.
 57870 | Vaults:2 | Found a staircase to the Crypt.
 57907 | Vaults:2 | Got a pair of fine gloves
 58019 | Vaults:2 | Identified the +1 pair of gloves of Experimentation {MR-
                  | Int+8 Stlth+} (You found it on level 2 of the Vaults)
 59517 | Vaults:2 | Noticed Saint Roka
 59521 | Vaults:2 | Noticed Bai Suzhen
 59532 | Vaults:2 | Killed Saint Roka
 59541 | Vaults:2 | Killed Bai Suzhen
 59692 | Vaults:2 | Found Cinwagoq's Food Shop.
 60130 | Vaults:3 | Reached skill level 20 in Fighting
 61023 | Vaults:3 | Reached XP level 20. HP: 69/193 MP: 12/34
 61713 | Vaults:3 | Noticed Frederick
 61727 | Vaults:3 | Killed Frederick
 63109 | Vaults:3 | Found a runed translucent gate.
 63109 | Vaults:3 | Found a runed translucent gate.
 63109 | Vaults:3 | Found a runed translucent gate.
 63109 | Vaults:3 | Noticed Tazamm's ghost (adept MiBe)
 63630 | Vaults:4 | Found Ducs's Armour Shop.
 63650 | Vaults:4 | Noticed Boris
 63660 | Vaults:4 | HP: 4/193 [Boris/bolt of cold (87)]
 64183 | Vaults:4 | Killed Boris
 64501 | Vaults:4 | Reached skill level 15 in Transmutations
 65302 | Vaults:4 | Found a radiant altar of Vehumet.
 65316 | Vaults:4 | Got a faintly humming hat
 65317 | Vaults:4 | Identified the +2 hat of Subjectivity {MR+} (You found it
                  | on level 4 of the Vaults)
 65346 | Vaults:4 | Identified the +1 robe of the World {MR+}
 65380 | Vaults:4 | Identified the cursed +1 robe of Tedeimif {Regen+ Int+3
                  | Stlth+}
 65946 | Elf:1    | Entered Level 1 of the Elven Halls
 66047 | Elf:1    | Found Istoxkock's General Store.
 66053 | Elf:1    | Found Raoskamu's Jewellery Shop.
 66112 | Elf:1    | Bought a scroll of teleportation for 42 gold pieces
 66112 | Elf:1    | Bought a potion of curing for 42 gold pieces
 66112 | Elf:1    | Bought a scroll of fear for 49 gold pieces
 66123 | Elf:1    | Bought an uncursed ring of protection from magic for 425
                  | gold pieces
 67197 | Elf:1    | Found Zittocis's Assorted Antiques.
 67429 | Elf:1    | Reached XP level 21. HP: 198/202 MP: 26/35
 67658 | Elf:2    | Cast into level 3 of the Abyss (a deep elf sorcerer)
 67663 | Abyss:3  | Found a corrupted altar of Lugonu.
 67699 | Elf:2    | Escaped the Abyss
 68256 | Elf:2    | Got an ancient pewter ring
 68257 | Elf:2    | Identified the ring of Xoufu {+Fly rPois Str+7 Int+3} (You
                  | found it on level 2 of the Elven Halls)
 68577 | Elf:2    | Reached skill level 21 in Fighting
 68603 | Elf:2    | Found Myngaeg's Weapon Boutique.
 68877 | Elf:2    | Found a huge runed translucent gate.
 68877 | Elf:2    | Found a huge runed translucent gate.
 68877 | Elf:2    | Found a huge runed translucent gate.
 68883 | Elf:2    | Found a huge runed translucent gate.
 68883 | Elf:2    | Found a huge runed translucent gate.
 69737 | Elf:3    | Entered Level 3 of the Elven Halls
 70088 | Elf:3    | Noticed Asterion
 70097 | Elf:3    | Killed Asterion
 70848 | Elf:3    | Identified the cursed +3 dagger of Cheibriados's Hatred
                  | {freeze, +Blink rF+ Stlth+}
 70866 | Elf:3    | Reached skill level 22 in Fighting
 70968 | Elf:3    | Identified the cursed +1 falchion of Exquisite Torment
                  | {vorpal, rElec MP+9 SInv}
 71500 | Elf:3    | Identified the ring "Acluoh" {*Slow rPois MR+ Slay-4 SInv}
 71684 | Elf:3    | Learned a level 7 spell: Dragon Form
 71695 | Elf:3    | Found the +6 lightning scales {run, rElec}
 71696 | Elf:3    | Found the +8 storm bow {elec, penet}
 72257 | Depths:1 | Entered Level 1 of the Depths
 72274 | Depths:1 | Reached XP level 22. HP: 214/214 MP: 33/36
 73028 | Depths:1 | Paralysed by a great orb of eyes for 5 turns
 73168 | Depths:1 | Found a one-way gate to the infinite horrors of the Abyss.
 73913 | Depths:2 | Learned a level 2 spell: Passwall
 74024 | Depths:2 | Paralysed by a floating eye for 2 turns
 74554 | Depths:2 | Noticed a juggernaut
 74559 | Depths:2 | Found a runed translucent door.
 74575 | Depths:2 | Killed a juggernaut
 75064 | Depths:2 | Identified the amulet "Zuqymp" {Harm *Drain rN+++ MP-9
                  | Int+4 Dex+2}
 75101 | Depths:2 | Noticed a juggernaut
 75104 | Depths:2 | Paralysed by a floating eye for 3 turns
 75109 | Depths:2 | Killed a juggernaut
 75541 | Depths:2 | Found Natinom's Antique Armour Shoppe.
 75799 | Depths:2 | Noticed Boris
 75809 | Depths:2 | Killed Boris
 76143 | Depths:3 | You fall into a shaft and drop 2 floors!
 76143 | Depths:5 | Entered Level 5 of the Depths
 76145 | Depths:5 | Noticed a juggernaut
 76157 | Depths:5 | Killed a juggernaut
 76157 | Depths:5 | Reached XP level 23. HP: 223/223 MP: 29/39
 76186 | Depths:5 | HP: 16/334 [spriggan air mage/the air (20)]
 76190 | Depths:5 | Killed from afar by a spriggan air mage

Levels and vault maps discovered:
D:1:      elethiomel_arrival_infinity_welcomes_careful_drivers, layout_basic
D:2:      layout_basic, grunt_temple_overflow_order_and_chaos_2,
          elyvilon_altar_5, first_ration
D:3:      layout_loops_ring, serial_forest, infiniplex_forest_clump_medium,
          infiniplex_forest_lined_2, infiniplex_forest_end_1,
          infiniplex_forest_end_3, infiniplex_forest_clump_small,
          infiniplex_forest_clump_diagonal, infiniplex_forest_lined_2,
          infiniplex_forest_fountain, minmay_misc_feat_rows,
          hangedman_abyss_or_decor_stabs, nrook_mini_backslash, uniq_terence,
          uniq_sigmund
D:4:      layout_cave_pools, minmay_temple_entry_sparse_star, item_on_display_a,
          uniq_ijyb
D:5:      layout_cave_pools, nicolae_ashenzari_panopticon,
          okawaru_altar_gauntlet_db
D:6:      layout_basic, nemelex_xobeh_ov_fountains_minmay, basic_altar,
          kennysheep_flooded_box
D:7:      layout_cave_pools, nicolae_qazlal_eye_of_the_storm
D:8:      layout_basic, lemuel_coloured_pillars_altar, kennysheep_mini_moat,
          nicolae_gozag_cash_rules_everything_around_me, serial_shops,
          shop_statue, hangedman_ranch [blue_anna_fruit_fields],
          minmay_ruined_shrine, uniq_maggie
D:9:      layout_roguey, lemuel_crystal_altar, david_lair_generic
D:10:     layout_gridville, david_orc_5
D:11:     layout_small_grid, kennysheep_cluttered_room
D:12:     layout_stronghold
D:13:     layout_roguey, lightli_vaults_fourway_checkpoint, serial_shops, shop,
          shop, shop, kennysheep_mini, minmay_splitting_lines, uniq_azrael,
          uniq_snorg, uniq_kirke
D:14:     layout_gridville, minmay_misc_feat_x, basic_altar, feat_on_display
D:15:     grunt_enter_depths_hoard, layout_rooms, hex_intersection,
          minmay_statue_crystal_thing, uniq_agnes, uniq_nessos
Temple:   minmay_temple_bridge_abc
Lair:1:   layout_cave_pods, grunt_megastairs_2
Lair:2:   layout_chaotic_city, enter_volcano_3, lemuel_centaur_altar
Lair:3:   layout_gridlike, spider_nest_entry_funnel_web,
          ebering_ghost_inner_flame, minmay_lair_oklob_chamber
Lair:4:   layout_regular_city, elwin_shoals_entry_stream
Lair:5:   layout_long_grid, minmay_slime_entry_jelly_boxes,
          portal_ice_cave_rime, hangedman_lair_unloving_vines
Lair:6:   evil_forest, layout_hall_layers
Shoals:1: layout_shoals, ebering_ghost_inner_flame, nicolae_shoals_loop_pool
Shoals:2: layout_shoals, uniq_ilsuiw
Shoals:3: layout_shoals, ebering_ghost_gozag, uniq_mara
Shoals:4: shoals_end_grunt_garden, layout_shoals, gammafunk_ghost_tricky_traps,
          nicolae_alphabet_shops, kb_tengu_band
Spider:1: layout_spider_delve
Spider:2: layout_spider_delve
Spider:3: layout_chambers, nicolae_spider_cling_halls, uniq_nikola, uniq_donald,
          uniq_arachne
Spider:4: floodkiller_spider_rune_tomb
Orc:1:    layout_caves, uniq_fannar
Orc:2:    st_orc_open, layout_caves, guppyfry_library_mini
Elf:1:    layout_geoelf_octagon, portal_desolation_entry_twin_temple,
          serial_shops, nicolae_shop_crystal, minivault_28, minmay_shoptagon
Elf:2:    layout_geoelf_grid, serial_shops, nicolae_shop_waterfront
Elf:3:    minmay_elf_hall_curves, layout_loops_cross, hangedman_glass_teeth,
          uniq_asterion
Vaults:1: hangedman_vaults_trim, nicolae_vaults_angled_halls,
          hangedman_vaults_pinch, v_misc_16, hangedman_vaults_stagger, st_lines,
          vaults_dpeg_hooks, nicolae_vaults_rhombus_6, vaults_dpeg_encased_lava,
          ontoclasm_vaults_gateway, ontoclasm_vaults_loading_screen,
          layout_vaults_omnibox, serial_shops, shop
Vaults:2: minmay_crypt_entry_simple_round, nicolae_vaults_big_angled_halls,
          hangedman_vaults_variations, nicolae_vaults_specimen_jars,
          dpeg_vaults_monster_box, v_misc_29, v_pattern_2, grunt_vaults_swirl,
          nicolae_vaults_little_squares_2, vaults_room_boxed,
          nicolae_vaults_little_squares_1, nicolae_vaults_little_ls,
          layout_vaults_maze_snakey, serial_shops, shop, uniq_saint_roka,
          uniq_bai_suzhen
Vaults:3: gammafunk_vaults_ghost_spectres, nicolae_vaults_circle_grid_b,
          vaults_room_fours, ontoclasm_vaults_decontamination, v_misc_5,
          v_misc_14, hangedman_vaults_snaps, vaults_room_pools,
          ontoclasm_vaults_ligature, nicolae_vaults_little_squares_5,
          layout_vaults_omnigrid, uniq_frederick
Vaults:4: ontoclasm_vaults_twist, nicolae_vaults_mini_display_case,
          vaults_standard_mumra_enter_the_diamond, vaults_dpeg_doors,
          grunt_tower_of_power, v_rooms_4, ontoclasm_vaults_eye, v_misc_23,
          vaults_dpeg_diagonal, v_misc_19, v_misc_17, v_misc_16,
          v_alt_pattern_1, nicolae_vaults_little_squares_3, layout_vaults_ring,
          serial_shops, shop, uniq_boris, uniq_margery
Depths:1: layout_cave_pools, hell_entry, minmay_misc_feat_room, abyss_entry,
          minmay_starry_boxes
Depths:2: minmay_the_grid_triangle_9x9_recursive_3
          [minmay_the_grid_triangle_9x9_checkered,
          minmay_the_grid_triangle_9x9_zippers_horizontal,
          minmay_the_grid_triangle_9x9_minimal,
          minmay_the_grid_triangle_9x9_prize_insulated,
          minmay_the_grid_triangle_9x9_subtriangle,
          minmay_the_grid_triangle_9x9_stretched_checkered,
          minmay_the_grid_triangle_9x9_thin_v,
          minmay_the_grid_triangle_9x9_empty,
          minmay_the_grid_triangle_9x9_windchime], layout_honeycomb,
          abyss_entry, grunt_mini_vestibule, serial_shops, shop,
          serial_bayou_lagoon_a, infiniplex_staircase_zigzag_2
Depths:3: nooodl_glass_maze, layout_basic, enter_ziggurat_a, hell_entry,
          grunt_pan_entry_in_and_out, abyss_entry, bh_chokoban, uniq_mennas
Depths:5: evilmike_zot_entry_round, layout_cave_shapes, rand_demon_pan_entry_7,
          muffindrake_ghost_dead_mans_drink, chequers_jeans, hell_entry,
          minmay_pinched_square

Skill      XL: |  1  2  3  4  5  6  7  8  9 10 11 12 13 14 15 16 17 18 19 20 21 22 |
---------------+-------------------------------------------------------------------+-----
Transmutations | 3 4 5 6 9 10 12 15 18 | 18.0
Spellcasting   | 3 4 6 7 10 12 | 12.0
Fighting       | 3 4 6 8 10 12 15 17 19 20 22 | 22.3
Unarmed Combat | 4 6 7 10 12 14 15 17 18 19 20 21 | 21.9
Evocations     | 1 5 9 10 | 10.0
Dodging        | 4 7 8 9 12 | 12.0
Throwing       | 8 |  8.0

Action                   |  1- 3 |  4- 6 |  7- 9 | 10-12 | 13-15 | 16-18 | 19-21 | 22-24 || total
-------------------------+-------+-------+-------+-------+-------+-------+-------+-------++-------
Melee: Unarmed           |    80 |   112 |   422 |   580 |  1120 |  1366 |  1192 |   325 ||  5197
       Tailslap          |     9 |     7 |     8 |    34 |   119 |   158 |   133 |    58 ||   526
       Kick              |     4 |     3 |       |       |       |       |       |       ||     7
       Headbutt          |     2 |     8 |       |       |       |       |       |       ||    10
       Punch             |       |     1 |     1 |    13 |    46 |    88 |    97 |    31 ||   277
       Bite              |       |       |       |       |    56 |   123 |    94 |    45 ||   318
Throw: Dart              |     4 |     6 |    41 |    18 |       |       |       |       ||    69
       Boomerang         |       |       |       |     3 |       |       |       |       ||     3
       Javelin           |       |       |       |       |       |     1 |       |       ||     1
 Cast: Beastly Appendage |    15 |    15 |       |       |       |       |       |       ||    30
       Sticks to Snakes  |     2 |     3 |     1 |       |       |       |       |       ||     6
       Spider Form       |     4 |     6 |    48 |    35 |     1 |       |       |       ||    94
       Blade Hands       |       |       |     3 |    41 |   140 |   154 |    98 |       ||   436
       Hydra Form        |       |       |       |       |       |       |     5 |       ||     5
       Dragon Form       |       |       |       |       |       |       |       |    23 ||    23
Invok: Sacrifice Experie |       |       |     1 |       |       |       |       |       ||     1
       Sacrifice Resista |       |       |     1 |       |       |       |       |       ||     1
       Sacrifice Arcana  |       |       |       |     1 |       |       |       |       ||     1
       Sacrifice Stealth |       |       |       |     1 |       |       |       |       ||     1
       Apocalypse        |       |       |       |       |       |     2 |     3 |     1 ||     6
 Abil: End Transformatio |       |     1 |     2 |     4 |       |       |       |       ||     7
       Breathe Acid      |       |       |    30 |    14 |    43 |    58 |    34 |     6 ||   185
Evoke: Wand              |       |       |     6 |     9 |    29 |    39 |     9 |     4 ||    96
       Box of beasts     |       |       |       |       |       |     2 |       |       ||     2
       Phial of floods   |       |       |       |       |       |     2 |       |       ||     2
       Lightning rod     |       |       |       |       |       |     2 |       |       ||     2
       Phantom mirror    |       |       |       |       |       |     1 |       |       ||     1
  Use: Scroll            |     4 |     5 |     7 |     9 |    11 |     7 |     8 |     5 ||    56
       Potion            |       |       |       |     1 |     5 |     5 |     3 |     6 ||    20
 Stab: Invisible         |       |       |     4 |     4 |     5 |    14 |     3 |     5 ||    35
       Sleeping          |       |       |     1 |       |       |       |       |       ||     1
       Paralysed         |       |       |       |     6 |    26 |    11 |    12 |     6 ||    61
       Distracted        |       |       |       |     6 |       |     4 |     7 |     2 ||    19
       Petrified         |       |       |       |     1 |       |       |       |       ||     1
  Eat: Chunk             |     4 |     6 |    25 |    39 |    61 |    67 |    54 |    18 ||   274
       Ration            |     1 |       |     2 |     3 |    10 |    12 |     5 |     2 ||    35
Armor: Skin              |    15 |    32 |    61 |    92 |   227 |   302 |   143 |   101 ||   973
Dodge: Dodged            |    55 |    78 |   302 |   498 |   841 |  1487 |   630 |    91 ||  3982
       Repelled          |       |       |       |       |     2 |    17 |    52 |     2 ||    73

Table legend:
 A = Non-vault XP
 B = Vault XP
 C = Vault XP percentage of total XP
 D = Non-vault monster count
 E = Vault monster count
 F = Vault count percentage of total count
                 A         B        C        D         E       F
            +---------+---------+-------+---------+---------+-------
      Total |  502304 |  356641 |  41.5 |    1245 |     554 |  30.8
            +---------+---------+-------+---------+---------+-------
        D:1 |      23 |       0 |   0.0 |      15 |       0 |   0.0
        D:2 |      84 |       0 |   0.0 |      17 |       0 |   0.0
        D:3 |     241 |     252 |  51.1 |      21 |       2 |   8.7
        D:4 |     595 |      38 |   6.0 |      24 |       1 |   4.0
        D:5 |     457 |      13 |   2.8 |      16 |       6 |  27.3
        D:6 |     543 |       0 |   0.0 |      14 |       0 |   0.0
        D:7 |    1220 |       0 |   0.0 |      17 |       0 |   0.0
        D:8 |     708 |    3003 |  80.9 |      10 |      15 |  60.0
        D:9 |    1401 |    1762 |  55.7 |      23 |       7 |  23.3
       D:10 |    4397 |    1794 |  29.0 |      31 |      22 |  41.5
       D:11 |    4536 |       0 |   0.0 |      31 |       0 |   0.0
       D:12 |    6247 |     367 |   5.5 |      27 |       2 |   6.9
       D:13 |   11513 |   13862 |  54.6 |      45 |      22 |  32.8
       D:14 |    8552 |       0 |   0.0 |      25 |       0 |   0.0
       D:15 |   18940 |    4910 |  20.6 |      43 |       4 |   8.5
     Lair:1 |    3344 |    1028 |  23.5 |      16 |       2 |  11.1
     Lair:2 |    7470 |     643 |   7.9 |      28 |       6 |  17.6
     Lair:3 |    9153 |    1435 |  13.6 |      17 |       4 |  19.0
     Lair:4 |    6690 |    1552 |  18.8 |      29 |       4 |  12.1
     Lair:5 |    2643 |    1290 |  32.8 |      14 |      17 |  54.8
     Lair:6 |   14282 |   10457 |  42.3 |      40 |      26 |  39.4
   Shoals:1 |    8943 |       0 |   0.0 |      17 |       0 |   0.0
   Shoals:2 |    9550 |    4196 |  30.5 |      17 |       5 |  22.7
   Shoals:3 |   16302 |    8825 |  35.1 |      35 |       3 |   7.9
   Shoals:4 |    8785 |   13937 |  61.3 |      19 |      28 |  59.6
   Spider:1 |   12128 |       0 |   0.0 |      39 |       0 |   0.0
   Spider:2 |   11240 |    3336 |  22.9 |      33 |       1 |   2.9
   Spider:3 |   15187 |    4693 |  23.6 |      37 |       2 |   5.1
   Spider:4 |    8798 |   38463 |  81.4 |      28 |      71 |  71.7
      Orc:1 |    4764 |    1222 |  20.4 |      42 |       2 |   4.5
      Orc:2 |    2841 |   15027 |  84.1 |      28 |      45 |  61.6
      Elf:1 |   13298 |    8872 |  40.0 |      24 |      14 |  36.8
      Elf:2 |   27784 |   20928 |  43.0 |      40 |      28 |  41.2
      Elf:3 |   20755 |   49279 |  70.4 |      37 |      35 |  48.6
   Vaults:1 |   40198 |    7531 |  15.8 |      72 |      11 |  13.3
   Vaults:2 |   27296 |   25389 |  48.2 |      47 |      41 |  46.6
   Vaults:3 |   58447 |   19589 |  25.1 |      81 |      18 |  18.2
   Vaults:4 |   30817 |   20845 |  40.3 |      38 |      20 |  34.5
   Depths:1 |   21235 |    5962 |  21.9 |      29 |       5 |  14.7
   Depths:2 |   52739 |   39211 |  42.6 |      68 |      28 |  29.2
   Depths:3 |    2016 |       0 |   0.0 |       5 |       0 |   0.0
   Depths:5 |    6142 |   14346 |  70.0 |       6 |       6 |  50.0
      IceCv |       0 |   12584 | 100.0 |       0 |      51 | 100.0
            +---------+---------+-------+---------+---------+-------
